 Dungeon Crawl Stone Soup version 0.29.0-4-gdea44cf6ec (webtiles) character file.

Game seed: 992442407205569019

416 RascalDebosk the Ducker (level 6, 0/53 HPs)
             Began as a Gnoll Wanderer on Aug 26, 2022.
             Slain by Edmund
             ... wielding a +2 flail of protection
              (5 damage)
             ... on level 4 of the Dungeon.
             The game lasted 00:32:36 (3566 turns).

RascalDebosk the Ducker (Gnoll Wanderer)            Turns: 3566, Time: 00:32:37

Health: 0/53       AC:  5    Str: 10    XL:     6   Next: 92%
Magic:  9/9        EV: 19    Int: 12    God:
Gold:   116        SH:  0    Dex: 14    Spells: 9/9 levels left

rFire   . . .      SeeInvis +   z - +6 short sword
rCold   . . .      Faith    .   (no shield)
rNeg    . . .      Spirit   .   y - +0 robe {Will+}
rPois   .          Reflect  .   g - +1 helmet
rElec   .          Harm     .   r - +0 cloak
rCorr   .          Rampage  .   (no gloves)
Will    +....                   (no boots)
Stlth   ++........              (no amulet)
HPRegen 0.17/turn               B - +4 ring of evasion
MPRegen 0.11/turn               q - ring of see invisible

@: no status effects
A: fangs 1, strong nose, distributed training
a: no special abilities


You were on level 4 of the Dungeon.
You visited 1 branch of the dungeon, and saw 4 of its levels.

You collected 116 gold pieces.

Inventory:

Hand Weapons
 p - a +2 dagger of electrocution
 v - a +2 scythe of freezing
 z - a +6 short sword (weapon)
Missiles
 b - 3 throwing nets
 j - 7 boomerangs (quivered)
 k - 19 stones
 m - 9 poisoned darts
Armour
 e - a +0 leather armour
 g - a +1 helmet (worn)
 r - a +0 cloak (worn)
 s - a +0 ring mail
 y - a +0 robe of willpower (worn)
Jewellery
 o - a ring of poison resistance
 q - a ring of see invisible (right hand)
 B - a +4 ring of evasion (left hand)
Scrolls
 d - a scroll of butterflies
 l - 6 scrolls of identify {unknown}
 n - a scroll of amnesia {unknown}
 t - 2 scrolls of noise {unknown}
 x - a scroll of enchant weapon {unknown}
 A - a scroll of silence {unknown}
Potions
 a - a potion of berserk rage {unknown}
 c - 2 potions of curing
 f - a potion of haste {unknown}
 h - a potion of attraction {unknown}
 i - 2 potions of heal wounds {unknown}
 u - a potion of mutation {unknown}
 w - a potion of degeneration {unknown}


   Skills:
 + Level 6.9 Fighting
 + Level 2.2 Short Blades
 + Level 2.2 Long Blades
 + Level 2.2 Axes
 + Level 2.2 Maces & Flails
 + Level 2.2 Polearms
 + Level 2.2 Staves
 + Level 2.2 Ranged Weapons
 + Level 2.2 Throwing
 + Level 5.1 Armour
 + Level 6.9 Dodging
 + Level 3.3 Stealth
 + Level 2.2 Shields
 + Level 2.2 Unarmed Combat
 + Level 2.2 Spellcasting
 + Level 1.8 Conjurations
 + Level 1.8 Hexes
 + Level 1.8 Summonings
 + Level 1.8 Necromancy
 + Level 1.8 Translocations
 + Level 1.8 Transmutations
 + Level 1.8 Fire Magic
 + Level 1.8 Ice Magic
 + Level 1.8 Air Magic
 + Level 1.8 Earth Magic
 + Level 1.8 Poison Magic
 + Level 2.5 Invocations
 + Level 3.4 Evocations


You had 9 spell levels left.
You didn't know any spells.
Your spell library contained the following spells:

 Spells                   Type           Power      Damage    Failure   Level
 Sting                    Tmut/Pois      20%        1d4       13%         1
 Blink                    Tloc           10%        N/A       19%         2
 Poisonous Vapours        Pois/Air       10%        N/A       19%         2
 Lesser Beckoning         Tloc           5%         N/A       36%         3
 Ozocubu's Armour         Ice            5%         N/A       36%         3
 Animate Dead             Necr           5%         N/A       77%         4
 Olgreb's Toxic Radiance  Pois           5%         N/A       77%         4
 Manifold Assault         Tloc           5%         N/A       98%         5
 Metabolic Englaciation   Hex/Ice        2%         N/A       98%         5
 Simulacrum               Ice/Necr       2%         N/A       100%        6
 Haunt                    Necr/Summ      2%         N/A       100%        7
 Infestation              Necr           2%         N/A       100%        8


Dungeon Overview and Level Annotations

Branches:
Dungeon (4/15)
 Temple: D:4-7

Altars:

Annotations:
D:4 Edmund


Innate Abilities, Weirdness & Mutations

You have very sharp teeth.
Your uncanny sense of smell can sniff out nearby items.
Your experience applies equally to all skills.


Message History

Edmund is moderately wounded.
The goblin hits you with a +0 club.
Edmund hits you with a +2 flail of protection.
You hit Edmund but do no damage. You bite Edmund, but do no damage.
Edmund is moderately wounded.
The goblin completely misses you.
Edmund hits you with a +2 flail of protection!
You hit Edmund but do no damage.
Edmund is moderately wounded.
The goblin completely misses you.
Edmund says, "You wouldn't believe how much I paid for this flail."
Edmund misses you.
You hit Edmund but do no damage.
Edmund is moderately wounded.
The goblin hits you with a +0 club. Edmund barely misses you.
You barely miss Edmund. You bite Edmund, but do no damage.
Edmund is moderately wounded.
The goblin hits you with a +0 club. Edmund closely misses you.
You hit Edmund.
Edmund is moderately wounded.
The goblin completely misses you.
Edmund hits you with a +2 flail of protection!
* * * LOW HITPOINT WARNING * * *
You hit Edmund but do no damage.
Edmund is moderately wounded.
The goblin hits you with a +0 club.
* * * LOW HITPOINT WARNING * * *
Edmund hits you with a +2 flail of protection.
* * * LOW HITPOINT WARNING * * *
You puncture Edmund!
Edmund is heavily wounded.
The goblin closely misses you. Edmund hits you but does no damage.
You hit Edmund but do no damage.
Edmund is heavily wounded.
The goblin barely misses you. Edmund misses you.
You hit Edmund but do no damage.
Edmund is heavily wounded.
The goblin closely misses you.
Edmund hits you with a +2 flail of protection.
You die...

#######
#@@...#
#g#<#...#
.........#
.#
#.#.#.#.##
........
#.#.#.#.#
..........
.#.# #.#.#
.. ...


You could see Edmund and a goblin.

Vanquished Creatures
  Sigmund (D:3)
  The ghost of Rudyous the Chopper, an amateur GrBe of Trog (D:3)
  Terence (D:3)
  Natasha (D:3)
  An orc wizard (D:3)
  Robin (D:2)
  An adder (D:3)
  2 worms
  A dart slug (D:1)
  4 orcs (D:3)
  5 bats
  5 endoplasms
  2 giant cockroaches
  10 goblins
  9 hobgoblins
  9 kobolds
  A quokka (D:3)
  6 ball pythons
  4 frilled lizards
  3 rats
68 creatures vanquished.

Notes
Turn   | Place    | Note
-------+----------+-------------------------------------------
     0 | D:1      | RascalDebosk the Gnoll Wanderer began the quest for the
                  | Orb.
     0 | D:1      | RascalDebosk set off with the following items: a +0 dagger,
                  | 3 throwing nets, 2 potions of curing, a scroll of
                  | butterflies, a +0 leather armour.
     0 | D:1      | Reached XP level 1. HP: 23/23 MP: 1/1
   439 | D:1      | Reached XP level 2. HP: 25/29 MP: 2/2
  1355 | D:2      | Reached XP level 3. HP: 32/35 MP: 3/3
  1746 | D:2      | Reached skill level 1 in Invocations
  1760 | D:2      | Noticed Robin
  1786 | D:2      | Reached skill level 1 in Short Blades
  1786 | D:2      | Reached skill level 1 in Long Blades
  1786 | D:2      | Reached skill level 1 in Axes
  1786 | D:2      | Reached skill level 1 in Maces & Flails
  1786 | D:2      | Reached skill level 1 in Polearms
  1786 | D:2      | Reached skill level 1 in Staves
  1786 | D:2      | Reached skill level 1 in Ranged Weapons
  1786 | D:2      | Reached skill level 1 in Throwing
  1786 | D:2      | Reached skill level 1 in Shields
  1786 | D:2      | Reached skill level 1 in Unarmed Combat
  1786 | D:2      | Reached skill level 1 in Spellcasting
  1789 | D:2      | Killed Robin
  1793 | D:2      | Reached XP level 4. HP: 22/41 MP: 5/5
  2387 | D:3      | Noticed Rudyous's ghost (amateur GrBe)
  2388 | D:3      | Found a runed translucent door.
  2395 | D:3      | Noticed Sigmund
  2421 | D:3      | HP: 1/41 [Sigmund/+2 scythe of freezing (2)]
  2428 | D:3      | Killed Sigmund
  2429 | D:3      | Reached skill level 1 in Conjurations
  2429 | D:3      | Reached skill level 1 in Hexes
  2429 | D:3      | Reached skill level 1 in Summonings
  2429 | D:3      | Reached skill level 1 in Necromancy
  2429 | D:3      | Reached skill level 1 in Translocations
  2429 | D:3      | Reached skill level 1 in Transmutations
  2429 | D:3      | Reached skill level 1 in Fire Magic
  2429 | D:3      | Reached skill level 1 in Ice Magic
  2429 | D:3      | Reached skill level 1 in Air Magic
  2429 | D:3      | Reached skill level 1 in Earth Magic
  2429 | D:3      | Reached skill level 1 in Poison Magic
  2429 | D:3      | Reached XP level 5. HP: 2/47 MP: 5/7
  2429 | D:3      | Reached XP level 6. HP: 2/53 MP: 5/8
  2758 | D:3      | Killed Rudyous's ghost
  2759 | D:3      | Reached skill level 5 in Armour
  2902 | D:3      | Noticed Natasha
  2909 | D:3      | Killed Natasha
  3411 | D:3      | Noticed Terence
  3419 | D:3      | Killed Terence
  3548 | D:4      | Noticed Edmund
  3566 | D:4      | Slain by Edmund

Illustrated notes

Levels and vault maps discovered:
D:1:      lightli_arrival_chessboard, layout_rooms, supply_closet_lemuel
D:2:      layout_basic, uniq_robin
D:3:      layout_loops_cross, hellmonk_ghost_happy_afterlife, uniq_terence,
          uniq_sigmund, uniq_natasha
D:4:      layout_cave_pods, st_stairs_12, uniq_edmund, uniq_blork_the_orc

Skill      XL: |  1  2  3  4  5  6 |
---------------+-------------------+-----
Invocations    | 1 2 |  2.5
Short Blades   | 1 2 |  2.2
Long Blades    | 1 2 |  2.2
Axes           | 1 2 |  2.2
Maces & Flails | 1 2 |  2.2
Polearms       | 1 2 |  2.2
Staves         | 1 2 |  2.2
Ranged Weapons | 1 2 |  2.2
Throwing       | 1 2 |  2.2
Shields        | 1 2 |  2.2
Unarmed Combat | 1 2 |  2.2
Spellcasting   | 1 2 |  2.2
Stealth        | 3 |  3.3
Conjurations   | 1 |  1.8
Hexes          | 1 |  1.8
Summonings     | 1 |  1.8
Necromancy     | 1 |  1.8
Translocations | 1 |  1.8
Transmutations | 1 |  1.8
Fire Magic     | 1 |  1.8
Ice Magic      | 1 |  1.8
Air Magic      | 1 |  1.8
Earth Magic    | 1 |  1.8
Poison Magic   | 1 |  1.8
Evocations     | 3 |  3.4
Armour         | 5 |  5.1
Fighting       | |  6.9
Dodging        | |  6.9

Action                   |  1- 3 |  4- 6 || total
-------------------------+-------+-------++-------
Melee: Dagger            |    71 |    32 ||   103
       Hand axe          |    85 |       ||    85
       Bite              |     9 |    12 ||    21
       Punch             |       |     2 ||     2
       Short sword       |       |    45 ||    45
       Halberd           |       |    27 ||    27
Throw: Throwing net      |     1 |       ||     1
       Boomerang         |    14 |    12 ||    26
       Dart              |       |     3 ||     3
 Stab: Sleeping          |     2 |     2 ||     4
Armor: Leather armour    |    54 |       ||    54
       Ring mail         |       |    23 ||    23
       Robe              |       |     1 ||     1
Dodge: Dodged            |   143 |    53 ||   196
